 Dungeon Crawl Stone Soup version 0.29.1-12-g30fa7ad0bf (webtiles) character file.

Game seed: 2421357382544591779

142942 cheesebisquit the Geomancer (level 17, -6/108 HPs)
             Began as a Gargoyle Earth Elementalist on Jan 14, 2023.
             Was a High Priest of Vehumet.
             Mangled by a +2 battleaxe of freezing (17 damage)
             ... on level 1 of the Elven Halls.
             The game lasted 03:01:42 (39259 turns).

cheesebisquit the Geomancer (GrEE)                 Turns: 39259, Time: 03:01:42

Health: -6/108     AC: 29    Str: 13    XL:     17   Next: 36%
Magic:  11/41      EV: 11    Int: 23    God:    Vehumet [*****.]
Gold:   1350       SH: 15    Dex: 10    Spells: 22/38 levels left

rFire   + . .      SeeInvis .   w - staff of earth
rCold   + . .      Faith    .   Z - +0 kite shield
rNeg    + . .      Spirit   .   U - +2 robe {Archmagi}
rPois   ∞          Reflect  +   h - +2 helmet
rElec   +          Harm     .   r - +2 cloak
rCorr   +          Rampage  .   B - +2 pair of gloves
Will    +....      Archmagi +   P - +2 pair of boots
Stlth   ++........              M - amulet of reflection
HPRegen 0.28/turn               c - ring of wizardry
MPRegen 0.27/turn               Q - ring of magical power

@: resistant, flying
A: sickness immunity, AC +12, big wings, negative energy resistance 1,
electricity resistance, torment resistance 1, petrification resistance
a: Renounce Religion


You were on level 1 of the Elven Halls.
You worshipped Vehumet.
Vehumet was extremely pleased with you.
You visited 5 branches of the dungeon, and saw 24 of its levels.

You collected 2660 gold pieces.
You spent 1310 gold pieces at shops.

Inventory:

Hand Weapons
 a - a +8 flail of freezing
Missiles
 k - 7 curare-tipped darts
 l - 57 poisoned darts
 q - 132 stones
Armour
 h - a +2 helmet (worn)
 r - a +2 cloak (worn)
 A - the +4 robe of Augmentation {Str+4 Int+4 Dex+4}
   (You found it on level 6 of the Dungeon)

   Str:       It affects your strength (+4).
   Int:       It affects your intelligence (+4).
   Dex:       It affects your dexterity (+4).
 B - a +2 pair of gloves (worn)
 C - +0 acid dragon scales
 P - a +2 pair of boots (worn)
 U - a +2 robe of the Archmagi (worn)
 Z - a +0 kite shield (worn)
Magical Staves
 w - a staff of earth (weapon)
Jewellery
 c - a ring of wizardry (left hand)
 M - an amulet of reflection (around neck)
 Q - a ring of magical power (right hand)
Wands
 b - a wand of digging (3)
 d - a wand of polymorph (3)
 f - a wand of paralysis (6)
 x - a wand of light (17)
 D - a wand of mindburst (12)
 S - a wand of iceblast (8)
Scrolls
 e - 2 scrolls of immolation
 j - a scroll of identify
 n - 4 scrolls of silence
 p - a scroll of summoning {unknown}
 u - 3 scrolls of butterflies
 v - 2 scrolls of vulnerability
 y - 2 scrolls of poison
 z - 2 scrolls of magic mapping
 K - a scroll of torment
 L - a scroll of fear
 O - a scroll of amnesia
 X - 2 scrolls of brand weapon
Potions
 g - 3 potions of berserk rage
 i - 14 potions of curing
 m - 2 potions of cancellation
 o - a potion of resistance
 F - 3 potions of attraction
 I - 2 potions of mutation
 N - 2 potions of brilliance


   Skills:
 + Level 12.7 Fighting
 - Level 4.5(8.8) Maces & Flails
 + Level 11.7(12.1) Staves
 - Level 3.2 Armour
 - Level 4.2 Dodging
 - Level 2.2 Stealth
 + Level 9.2 Shields
 + Level 11.4 Spellcasting
 + Level 12.9 Conjurations
 + Level 6.1 Transmutations
 + Level 14.7 Earth Magic
 * Level 7.5 Evocations


You had 22 spell levels left.
You knew the following spells:

 Your Spells              Type           Power      Damage    Failure   Level
a - Sandblast             Erth           100%       2d20      1%          1
b - Stone Arrow           Conj/Erth      100%       3d13      1%          3
c - Petrify               Tmut/Erth      95%        N/A       1%          4
d - Lehudib's Crystal Sp  Conj/Erth      53%        10d13     24%         8

Your spell library contained the following spells:

 Spells                   Type           Power      Damage    Failure   Level
 Fireball                 Conj/Fire      29%        3d13      2%          5
 Beastly Appendage        Tmut           100%       N/A       1%          1
 Shock                    Conj/Air       100%       1d9       1%          1
 Sting                    Tmut/Pois      100%       1d8       1%          1
 Passwall                 Tmut/Erth      79%        N/A       1%          2
 Wereblood                Tmut           58%        N/A       1%          2
 Conjure Flame            Conj/Fire      59%        6-21      1%          3
 Ignite Poison            Fire/Tmut/Pois 33%        N/A       1%          3
 Iskenderun's Mystic Bla  Conj/Tloc      59%        2d12      1%          4
 Sticky Flame             Conj/Fire      59%        2d7       1%          4
 Poisonous Vapours        Pois/Air       38%        N/A       2%          2
 Leda's Liquefaction      Hex/Erth       40%        N/A       2%          4
 Lightning Bolt           Conj/Air       29%        1d46      2%          5
 Frozen Ramparts          Ice            38%        1d6       4%          3
 Spider Form              Tmut/Pois      40%        N/A       4%          3
 Freezing Cloud           Conj/Ice/Air   24%        6-21      6%          5
 Airstrike                Air            9%         2d(2-18)  12%         4
 Ice Form                 Ice/Tmut       40%        N/A       12%         4
 Olgreb's Toxic Radiance  Pois           19%        N/A       12%         4
 Call Canine Familiar     Summ           19%        N/A       13%         3
 Portal Projectile        Hex/Tloc       38%        N/A       13%         3
 Conjure Ball Lightning   Conj/Air       29%        3x3d8     13%         6
 Summon Ice Beast         Ice/Summ       19%        N/A       38%         4
 Summon Lightning Spire   Summ/Air       19%        N/A       38%         4
 Metabolic Englaciation   Hex/Ice        9%         N/A       73%         5
 Discord                  Hex            9%         N/A       100%        8
 Disjunction              Tloc           9%         N/A       100%        8
 Statue Form              Tmut/Erth      Unusable   N/A       N/A         6

Dungeon Overview and Level Annotations

Branches:
Dungeon (15/15)            Temple (1/1) D:5            Lair (5/5) D:10
  Swamp (0/4) Lair:3        Snake (0/4) Lair:3        Slime (0/5) Lair:4
    Orc (2/2) D:11            Elf (1/3) Orc:2        Vaults (0/5) D:13
 Depths (0/4) D:15

Altars:
Ashenzari
Cheibriados
Dithmenos
Elyvilon
Fedhas
Gozag
Hepliaklqana
Kikubaaqudgha
Makhleb
Nemelex Xobeh
Okawaru
Qazlal
Ru
Sif Muna
Trog
Uskayaw
Vehumet
Wu Jian
Xom
Yredelemnul
Zin
The Shining One
Jiyva

Shops:
D:14 (   Orc:2 *([:

Portals:
Abyss: Orc:1

Annotations:
Orc:1 2 transporters, reasonance's ghost, journeyman GrBe


Innate Abilities, Weirdness & Mutations

You are immune to sickness and miasma.
Your stone body is resilient. (AC +12)
You are immune to poison.
Your large and strong wings let you fly.
You resist negative energy. (rN+)
You are resistant to electric shocks. (rElec)
You are resistant to unholy torment.
You are immune to petrification.


Message History

* * * LOW HITPOINT WARNING * * *
Found a ring mail.
A lance of force appears from out of thin air!
The lance of force hits the deep elf sorcerer!
The deep elf sorcerer is knocked back by the lance of force.
The deep elf sorcerer slams into the translucent rock wall!
The deep elf sorcerer is heavily wounded.
You block the deep elf sorcerer's attack.
Found a scroll of immolation.
The deep elf sorcerer is no longer moving quickly.
Something hits you!
* * * LOW HITPOINT WARNING * * *
Something hits you but does no damage.
Magic scrolls do not work when you're silenced!
Okay, then.
Magic scrolls do not work when you're silenced!
A boulder beetle comes into view.
The boulder beetle moves out of view.
You flicker for a moment.
Okay, then.
Magic scrolls do not work when you're silenced!
A +5 long sword of distortion comes into view.
Your hearing returns.
Okay, then.
You flicker back into view.
As you read the scroll of teleportation, it crumbles to dust.
You feel strangely unstable.
As you read the scroll of butterflies, it crumbles to dust.
You hear the tinkle of a tiny bell.
The deep elf sorcerer hits your butterfly with a +0 long sword of protection!
Your butterfly dies!
Your butterfly disappears in a burst of colours!
You swap places.
Something hits your butterfly!
Your butterfly dies!
Your butterfly disappears in a burst of colours!
The deep elf sorcerer misses your butterfly.
You swap places.
Your surroundings suddenly seem different.
The +2 battleaxe of freezing hits you!
You die...

###.###.####...##
#.#.....##...#
#.#.###.###..## #
#...# #...e...# #.
#...###.###.##.###.
##.......# #.# #...#.
#.......## #.#####.#.
##[......####e........
#....@....?..(#######.
##....(..####.e.bb....
#.......# #..bbbb...
##.....## ##########
#.....# #######


You could see a +2 battleaxe of freezing.

Vanquished Creatures
  3 orc warlords
  A deep elf sorcerer (Elf:1)
  Nessos (D:13)
  2 fire dragons (D:15)
  Josephine (D:13)
  5 boulder beetles (D:14)
  An ogre mage (D:15)
  5 hydras
  9 two-headed ogres
  8 centaur warriors
  A death knight (D:14)
  3 dancing weapons (Elf:1)
  3 tengu warriors
  3 orc high priests (Orc:2)
  Sonja (Orc:2)
  4 deep elf knights (Elf:1)
  4 skeletal warriors (D:15)
  Lodul (D:13)
  3 deep elf archers (Elf:1)
  13 deep elf pyromancers
  5 lindwurms (Lair:5)
  2 wizards
  10 orc knights
  2 manticores
  11 deep elf zephyrmancers (Elf:1)
  6 orc sorcerers
  An oklob plant (Lair:3)
  20 ugly things
  7 cyclopes
  4 black mambas
  A guardian serpent (shapeshifter) (D:13)
  A black mamba (shapeshifter) (D:13)
  7 elephants
  Maurice (D:8)
  A gargoyle (D:11)
  2 torpor snails
  Maggie (D:9)
  A cane toad (shapeshifter) (D:13)
  22 cane toads
  4 kobold demonologists
  An unseen horror (D:11)
  2 rime drakes
  6 komodo dragons
  A yaktaur (D:14)
  6 polar bears (Lair:5)
  2 trolls (shapeshifter)
  7 hornets
  7 trolls
  A tarantella (shapeshifter) (D:13)
  13 blink frogs
  3 tyrant leeches (Lair:3)
  A dream sheep (Lair:5)
  4 shadows
  14 spriggans (Lair:5)
  3 vampires
  An air elemental (Elf:1)
  8 wraiths
  45 yaks
  2 wyverns
  A yak (shapeshifter) (D:15)
  A water elemental (Elf:1)
  3 basilisks
  2 fire elementals (Elf:1)
  4 vampire mosquitoes (D:13)
  A steam dragon (D:7)
  A swamp worm (Lair:3)
  12 wargs
  A naga (Lair:3)
  11 water moccasins
  An acid dragon (D:11)
  37 orc warriors
  An ice beast (D:6)
  2 sky beasts (D:7)
  4 boggarts
  8 black bears
  22 wolves
  14 ogres
  17 centaurs
  2 phantoms
  7 kobold brigands
  A gnoll sergeant (D:8)
  7 bullfrogs
  An earth elemental (Elf:1)
  7 scorpions
  13 wights
  2 howler monkeys
  2 electric eels
  16 orc priests
  A gnoll bouda (D:7)
  4 hounds
  3 iguanas
  23 orc wizards
  A mummy (D:8)
  16 gnolls
  9 adders
  A worm (D:4)
  3 dart slugs
  73 orcs
  10 endoplasms
  3 giant cockroaches
  8 goblins
  5 hobgoblins
  3 jackals (D:3)
  20 kobolds
  3 quokkas
  6 ball pythons
  14 bats
  5 frilled lizards
  29 rats
749 creatures vanquished.

Vanquished Creatures (others)
  A bush (Lair:3)
  39 fungi
  47 plants
87 creatures vanquished.

Grand Total: 836 creatures vanquished

Notes
Turn   | Place    | Note
-------+----------+-------------------------------------------
     0 | D:1      | cheesebisquit the Gargoyle Earth Elementalist began the
                  | quest for the Orb.
     0 | D:1      | Reached XP level 1. HP: 10/10 MP: 3/3
   225 | D:1      | Reached XP level 2. HP: 15/15 MP: 3/5
   288 | D:1      | Reached skill level 4 in Earth Magic
   965 | D:2      | Reached XP level 3. HP: 19/19 MP: 4/6
  1203 | D:2      | Learned a level 3 spell: Stone Arrow
  1526 | D:2      | Reached XP level 4. HP: 24/24 MP: 6/8
  1923 | D:3      | Reached skill level 1 in Armour
  2109 | D:3      | Reached skill level 1 in Conjurations
  2282 | D:3      | Noticed a scorpion
  2295 | D:2      | Killed a scorpion
  2296 | D:2      | Reached skill level 5 in Earth Magic
  2296 | D:2      | Reached XP level 5. HP: 28/28 MP: 5/9
  2818 | D:3      | Reached skill level 1 in Maces & Flails
  2957 | D:4      | Reached XP level 6. HP: 32/32 MP: 7/11
  3469 | D:4      | Reached skill level 1 in Fighting
  3469 | D:4      | Reached skill level 1 in Staves
  3469 | D:4      | Reached XP level 7. HP: 38/38 MP: 6/12
  3536 | D:4      | Found a sparkling altar of Nemelex Xobeh.
  3942 | D:4      | Found a bloodstained altar of Trog.
  4037 | D:5      | Entered Level 5 of the Dungeon
  4335 | D:5      | Found a staircase to the Ecumenical Temple.
  4345 | Temple   | Entered the Ecumenical Temple
  4527 | D:5      | Identified the +1 buckler of the Pit {Will+}
  4619 | D:5      | Found an iron altar of Okawaru.
  4709 | D:5      | Found a burning altar of Makhleb.
  4723 | D:5      | Found a basalt altar of Yredelemnul.
  5238 | D:6      | Found a glowing silver altar of Zin.
  5491 | D:6      | Found the +4 robe of Augmentation {Str+4 Int+4 Dex+4}
  5524 | D:6      | Found a stormy altar of Qazlal.
  5709 | D:6      | Reached skill level 1 in Shields
  5799 | D:6      | Reached XP level 8. HP: 44/44 MP: 9/14
  5860 | D:6      | Reached skill level 6 in Earth Magic
  6254 | D:6      | Found a shimmering altar of Xom.
  6796 | D:7      | Found a radiant altar of Vehumet.
  6801 | D:7      | Became a worshipper of Vehumet
  6990 | D:7      | Found a hide-covered altar of Uskayaw.
  6990 | D:7      | Noticed a +0 spear
  6990 | D:7      | Noticed a +0 falchion
  7027 | D:7      | Reached XP level 9. HP: 51/51 MP: 11/16
  7189 | D:7      | Noticed a hornet
  7199 | D:7      | Killed a hornet
  7200 | D:7      | Reached skill level 5 in Spellcasting
  7309 | D:7      | Reached skill level 7 in Earth Magic
  7441 | D:7      | Noticed a +0 dagger
  7442 | D:7      | Noticed a +0 short sword
  7443 | D:7      | Noticed a +0 spear
  7443 | D:7      | Noticed a +0 dagger
  7443 | D:7      | Noticed a +0 short sword
  7447 | D:7      | Noticed a +0 falchion
  8168 | D:8      | Noticed a hornet
  8172 | D:8      | Killed a hornet
  8301 | D:8      | Reached skill level 5 in Conjurations
  8379 | D:8      | Found a snail-covered altar of Cheibriados.
  8959 | D:9      | Noticed a cyclops
  9017 | D:9      | Noticed Maggie
  9023 | D:9      | Noticed a red ugly thing
  9023 | D:9      | Noticed a deep elf pyromancer
  9237 | D:9      | Noticed a wizard
  9244 | D:8      | Killed a red ugly thing
  9245 | D:8      | Reached skill level 5 in Fighting
  9245 | D:8      | Reached XP level 10. HP: 21/59 MP: 13/18
  9449 | D:8      | Killed a cyclops
  9450 | D:8      | Reached skill level 8 in Earth Magic
  9622 | D:8      | Killed a deep elf pyromancer
  9622 | D:8      | Reached * piety under Vehumet
  9622 | D:8      | Offered knowledge of Magic Dart by Vehumet.
  9623 | D:8      | Reached skill level 5 in Staves
  9943 | D:9      | Killed a wizard
 10052 | D:10     | Entered Level 10 of the Dungeon
 10334 | D:9      | Noticed a two-headed ogre
 10340 | D:9      | Killed a two-headed ogre
 10341 | D:9      | Reached skill level 9 in Earth Magic
 10407 | D:9      | Noticed a two-headed ogre
 10412 | D:9      | Killed a two-headed ogre
 10413 | D:9      | Reached XP level 11. HP: 61/66 MP: 16/21
 10633 | D:9      | Killed Maggie
 10667 | D:9      | Noticed Maurice
 10705 | D:8      | Killed Maurice
 10875 | D:9      | Noticed a sun demon
 11024 | D:9      | Offered knowledge of Freeze by Vehumet.
 11124 | D:9      | Reached ** piety under Vehumet
 11551 | D:10     | Identified the +5 broad axe "Zeoheec" {freeze, MP+9 Str-5
                  | SInv}
 11571 | D:10     | Found an opulent altar of Gozag.
 11609 | D:10     | Noticed a two-headed ogre
 11618 | D:10     | Killed a two-headed ogre
 11759 | D:10     | Found a glowing golden altar of the Shining One.
 11896 | D:10     | Reached skill level 10 in Earth Magic
 12183 | D:10     | Found a staircase to the Lair.
 12369 | D:10     | Found an ornate altar of the Wu Jian Council.
 13101 | Lair:1   | Entered Level 1 of the Lair of Beasts
 13720 | D:11     | Reached XP level 12. HP: 49/74 MP: 9/23
 13889 | D:11     | Offered knowledge of Scorch by Vehumet.
 13967 | D:11     | Found a staircase to the Orcish Mines.
 14258 | D:11     | Found a hazy altar of Hepliaklqana.
 14509 | D:12     | Noticed an eight-headed hydra
 14517 | D:12     | Killed an eight-headed hydra
 14918 | D:12     | Found an ancient bone altar of Kikubaaqudgha.
 14986 | D:12     | Reached *** piety under Vehumet
 15164 | D:12     | Noticed a two-headed ogre
 15170 | D:12     | Killed a two-headed ogre
 15171 | D:12     | Reached skill level 11 in Earth Magic
 15754 | Lair:1   | Noticed a four-headed hydra
 15762 | Lair:1   | Killed a four-headed hydra
 16536 | Lair:2   | Noticed a seven-headed hydra
 16594 | Lair:2   | Killed a seven-headed hydra
 16594 | Lair:2   | Offered knowledge of Hailstorm by Vehumet.
 17380 | Lair:1   | Reached XP level 13. HP: 80/80 MP: 2/25
 17941 | Lair:2   | Reached **** piety under Vehumet
 18046 | Lair:2   | Reached skill level 10 in Conjurations
 18409 | Lair:2   | Offered knowledge of Irradiate by Vehumet.
 18712 | Lair:2   | Reached skill level 12 in Earth Magic
 19017 | Lair:3   | Reached skill level 10 in Fighting
 19222 | Lair:3   | Learned a level 4 spell: Petrify
 19241 | Lair:3   | Identified the +4 ring mail "Qungiw" {rPois Dex+3}
 19333 | Lair:3   | Reached skill level 1 in Transmutations
 19390 | Lair:3   | Found a staircase to the Snake Pit.
 19477 | Lair:3   | Found a blossoming altar of Fedhas.
 19711 | Lair:3   | Found a staircase to the Swamp.
 20550 | Lair:4   | Found a staircase to the Slime Pits.
 20550 | Lair:4   | Found a viscous altar of Jiyva.
 21704 | Lair:4   | Reached skill level 5 in Shields
 21718 | Lair:4   | Reached ***** piety under Vehumet
 21718 | Lair:4   | Offered knowledge of Conjure Ball Lightning by Vehumet.
 22487 | Lair:5   | Entered Level 5 of the Lair of Beasts
 22739 | Lair:5   | Gained mutation: Your large and strong wings let you fly.
                  | [Gargoyle growth]
 22739 | Lair:5   | Reached XP level 14. HP: 88/88 MP: 24/27
 23398 | Lair:5   | Reached skill level 10 in Staves
 23398 | Lair:5   | Reached skill level 10 in Spellcasting
 23398 | Lair:5   | Reached skill level 13 in Earth Magic
 23398 | Lair:5   | Reached XP level 15. HP: 93/93 MP: 29/29
 24105 | Lair:5   | Identified the +4 scale mail "Onisib" {Harm Will- Stlth+}
 24867 | Lair:5   | Reached skill level 1 in Evocations
 25965 | Orc:1    | Entered Level 1 of the Orcish Mines
 26013 | Orc:2    | Entered Level 2 of the Orcish Mines
 26368 | Orc:1    | Offered knowledge of Yara's Violent Unravelling by Vehumet.
 26486 | Orc:2    | Found Juesch's Antique Weapon Shop.
 26764 | Orc:2    | Noticed an orc warlord
 26894 | Orc:2    | Killed an orc warlord
 27113 | Orc:2    | Found a staircase to the Elven Halls.
 27238 | Orc:2    | Found Waevaho's Antique Armour Boutique.
 27259 | Orc:2    | Noticed Sonja
 27263 | Orc:2    | Killed Sonja
 27266 | Orc:2    | Found Cewotoeh's General Store.
 27278 | Orc:1    | Noticed an orc warlord
 27279 | Orc:1    | Noticed an orc warlord
 28538 | Orc:2    | Killed an orc warlord
 28939 | Orc:1    | Found a transporter.
 28951 | Orc:1    | Offered knowledge of Iskenderun's Battlesphere by Vehumet.
 29529 | Orc:1    | Found a one-way gate to the infinite horrors of the Abyss.
 29529 | Orc:1    | Noticed reasonance's ghost (journeyman GrBe)
 29536 | Orc:1    | Found a transporter.
 29673 | Orc:1    | Killed an orc warlord
 30267 | Orc:2    | Bought a potion of heal wounds for 85 gold pieces
 30267 | Orc:2    | Bought a potion of heal wounds for 85 gold pieces
 30267 | Orc:2    | Bought a scroll of magic mapping for 127 gold pieces
 30267 | Orc:2    | Bought a scroll of teleportation for 51 gold pieces
 30267 | Orc:2    | Bought a potion of invisibility for 136 gold pieces
 30268 | Orc:2    | Bought a scroll of identify for 34 gold pieces
 30337 | Orc:2    | Found Cyh Yptu's Book Boutique.
 30345 | Orc:2    | Bought Korizig's Encyclopedia of Bolts for 792 gold pieces
 30354 | Orc:2    | Learned a level 8 spell: Lehudib's Crystal Spear
 31190 | D:13     | Reached XP level 16. HP: 101/101 MP: 22/30
 31255 | D:13     | Noticed Josephine
 31274 | D:13     | Killed Josephine
 31709 | D:13     | Noticed Lodul
 31714 | D:13     | Killed Lodul
 32050 | D:13     | Noticed Nessos
 32260 | D:13     | Found a gate to the Vaults.
 32303 | D:13     | Identified the +10 dagger of Dim Light {vorpal, Str+6}
 32381 | D:13     | Killed Nessos
 32839 | D:14     | Reached skill level 5 in Evocations
 32938 | D:14     | Reached skill level 5 in Transmutations
 33124 | D:14     | Reached skill level 14 in Earth Magic
 33594 | D:14     | Offered knowledge of Ozocubu's Refrigeration by Vehumet.
 34282 | D:14     | Found Koigi's Weapon Emporium.
 34701 | D:15     | Entered Level 15 of the Dungeon
 37014 | D:15     | Reached XP level 17. HP: 56/108 MP: 15/32
 37307 | D:15     | Found a staircase to the Depths.
 37752 | Elf:1    | Entered Level 1 of the Elven Halls
 39213 | Elf:1    | Offered knowledge of Fireball by Vehumet.
 39259 | Elf:1    | Mangled by a +2 battleaxe of freezing

Illustrated notes

Levels and vault maps discovered:
D:1:      lightli_arrival_statue_moat, layout_loops_ring
D:2:      layout_loops_ring
D:3:      layout_rooms, minmay_rat_hole
D:4:      layout_rooms, mainiacjoe_overflow_paths,
          mainiacjoe_overflow_cross_hatched, roderic_batcave
D:5:      layout_loops_ring, mainiacjoe_overflow_catwalk, minitemple,
          minmay_temple_entry_butterflies
D:6:      hellmonk_crumbling_castle, layout_cave_pods,
          nicolae_qazlal_general_emergency, mainiacjoe_overflow_alcove_4,
          overflow_temple_1_default
D:7:      layout_loops_ring, overflow_temple_1_default,
          nicolae_uskayaw_en_pointe, chequers_serial_rivers_large_a
D:8:      layout_loops_ring, slow_altar_1
D:9:      cheibrodos_elevator_heist, layout_basic, uniq_maurice, uniq_maggie
D:10:     layout_stronghold, nicolae_gozag_seed_capital,
          nicolae_overflow_hidden_temple, kennysheep_mini_moat,
          grunt_lair_entry_orc_guard_hut
D:11:     layout_basic, erik_orc_4, worldfamousw_hep_ancestral_shrine
D:12:     layout_cave_pools, kiku_gazebo_pond_becter
D:13:     layout_roguey, david_vaults_2, nicolae_elevator_lobby_asterisk,
          uniq_lodul, uniq_nessos, uniq_josephine
D:14:     minmay_the_grid_triangle_9x9_recursive_2_mashed
          [minmay_the_grid_triangle_9x9_prize_center,
          minmay_the_grid_triangle_9x9_impossible_snake,
          minmay_the_grid_triangle_9x9_sprig,
          minmay_the_grid_triangle_9x9_zippers_vertical], layout_cave_pools,
          roderic_serpentine_path, serial_shops, shop, nooodl_orcs_dogs
D:15:     grunt_enter_depths_hoard, layout_small_grid, minmay_misc_feat_cross
Temple:   nicolae_temple_ecumenical_triangle
Lair:1:   layout_long_grid
Lair:2:   layout_chaotic_city, beast_lair_carwin_7
Lair:3:   layout_concentric_octagons, minmay_swamp_entry_worms,
          guppyfry_snake_entry_island, lemuel_centaur_altar
Lair:4:   layout_gridlike, slime_entry_1
Lair:5:   minmay_lair_end_enchanted_forest, layout_layer_cave,
          minmay_lindwurm_lava
Orc:1:    layout_diamond_mine, gammafunk_ghost_abyssal_escape, mines2_david
Orc:2:    grunt_orc_gardens, layout_caves, grunt_orc_garden, grunt_orc_garden,
          grunt_orc_garden, grunt_orc_garden, basic_altar, uniq_sonja
Elf:1:    minmay_elf_arrival_plus, layout_loops_ring, minmay_elf_sorcery

Skill      XL: |  1  2  3  4  5  6  7  8  9 10 11 12 13 14 15 16 17 |
---------------+----------------------------------------------------+-----
Earth Magic    | 4 5 6 7 9 10 11 12 13 14 | 14.7
Spellcasting   | 3 4 5 6 7 8 9 10 11 | 11.4
Armour         | 1 2 3 |  3.2
Conjurations   | 1 2 3 4 5 7 8 9 10 11 12 | 12.9
Maces & Flails | 1 2 3 4 |  4.5
Fighting       | 1 2 3 5 6 8 9 10 11 12 | 12.7
Staves         | 1 2 3 4 6 7 8 9 10 11 | 11.7
Shields        | 1 3 4 5 6 7 8 9 |  9.2
Dodging        | 3 4 |  4.2
Transmutations | 2 3 4 5 6 |  6.1
Evocations     | 4 6 7 |  7.5
Stealth        | |  2.2

Action                   |  1- 3 |  4- 6 |  7- 9 | 10-12 | 13-15 | 16-18 || total
-------------------------+-------+-------+-------+-------+-------+-------++-------
Melee: Club              |     1 |       |       |       |       |       ||     1
       Mace              |     8 |    16 |       |       |       |       ||    24
       Punch             |     1 |       |       |       |       |       ||     1
       Flail             |       |       |     2 |    73 |    23 |       ||    98
       Staff             |       |       |       |       |    83 |   122 ||   205
 Cast: Sandblast         |    42 |   102 |   194 |   105 |       |       ||   443
       Stone Arrow       |       |       |       |   201 |   687 |   528 ||  1416
       Petrify           |       |       |       |       |    10 |     2 ||    12
  Use: Scroll            |       |       |    16 |    19 |    18 |     9 ||    62
       Potion            |       |       |     3 |     2 |     5 |     6 ||    16
Armor: Leather armour    |     8 |       |       |       |       |       ||     8
       Ring mail         |     1 |    45 |    25 |       |       |       ||    71
       Robe              |       |       |    29 |   196 |   226 |   203 ||   654
Dodge: Dodged            |    15 |    51 |    43 |   123 |   251 |   141 ||   624
Block: Buckler           |       |       |    16 |   104 |   334 |   125 ||   579
       Reflection        |       |       |       |       |    10 |    30 ||    40
       Kite shield       |       |       |       |       |       |   130 ||   130
